 Dungeon Crawl Stone Soup version 0.23-a0-402-g64599a1 (console) character file.

34 bli the Insei (level 3, -7/23 HPs)
             Began as an Octopode Transmuter on Nov 4, 2018.
             Mangled by Sigmund
             ... wielding a +0 scythe
              (8 damage)
             ... on level 2 of the Dungeon.
             The game lasted 00:04:02 (1241 turns).

bli the Insei (Octopode Transmuter)                 Turns: 1241, Time: 00:04:03

Health: -7/23      AC:  1    Str:  9    XL:     3   Next: 31%
Magic:  3/6        EV: 13    Int: 15    God:
Gold:   137        SH:  0    Dex: 13    Spells: 3/6 levels left

rFire    . . .     SeeInvis .     - Unarmed
rCold    . . .     Gourm    .   (no shield)
rNeg     . . .     Faith    .   (helmet restricted)
rPois    .         Spirit   .   (no amulet)
rElec    .         Reflect  .   (no ring)
rCorr    .         Harm     .   (no ring)
MR       .....                  (no ring)
Stlth    ++........             (no ring)
HPRegen  0.07/turn              (no ring)
MPRegen  0.10/turn              (no ring)
                                (no ring)
                                (no ring)

@: lethally poisoned (-7 -> -13), appendage
A: almost no armour, stealthy swim, amphibious, 8 rings, constrict 8, tentacle
spike 3, camouflage 1, gelatinous body 1
a: End Transformation


You were on level 2 of the Dungeon.
You were not hungry.
One of your tentacles had a temporary spike.
You visited 1 branch of the dungeon, and saw 2 of its levels.

You collected 137 gold pieces.

Inventory:

Missiles
 a - 11 arrows
 g - 50 stones (quivered)
Scrolls
 b - 3 scrolls of teleportation {unknown}
 d - a scroll of remove curse {unknown}
 e - a scroll of amnesia {unknown}
 i - 4 scrolls of identify {unknown}
 j - a scroll of noise {unknown}
Potions
 f - a potion of haste {unknown}
 k - a potion of flight {unknown}
Comestibles
 c - 6 rations
 h - 3 chunks of flesh


   Skills:
 * Level 1.2 Fighting
 + Level 2.0 Dodging
 + Level 4.1 Unarmed Combat
 + Level 2.0 Spellcasting
 + Level 2.0 Transmutations


You had 3 spell levels left.
You knew the following spells:

 Your Spells              Type           Power        Failure   Level  Hunger
a - Beastly Appendage     Tmut           #.....       10%         1    #......
S - Sticks to Snakes      Tmut           #.......     14%         2    ###....

Your spell library contained the following spells:

 Spells                   Type           Power        Failure   Level  Hunger
 Spider Form              Tmut/Pois      #.........   41%         3    ###....
 Ice Form                 Ice/Tmut       #.......     82%         4    #####..
 Blade Hands              Tmut           #.........   95%         5    ######.


Dungeon Overview and Level Annotations

Branches:
Dungeon (2/15)

Altars:
Okawaru

Annotations:
D:2 Sigmund


Innate Abilities, Weirdness & Mutations

You cannot wear most types of armour.
You are very stealthy in the water. (Stealth+)
You are amphibious.
You can wear up to eight rings at the same time.
You can use your tentacles to constrict eight enemies at once.
Your skin changes colour to match your surroundings (Stealth+).
Your rubbery body absorbs attacks. (AC +1, EV +1)
One of your tentacles bears a large vicious spike.


Message History

Something hits you but does no damage.
Your ball python bites the adder.
Your ball python closely misses the adder.
You tentacle-slap something.
You pierce something.
The adder bites you.
You hear some strange, mumbled words.
A magic dart appears from out of thin air!
The magic dart hits you!
Your ball python bites the adder but does no damage.
Your ball python barely misses the adder.
The adder barely misses you.
You tentacle-slap something. Something hits you!
* * * LOW HITPOINT WARNING * * *
Your ball python barely misses the adder.
Your ball python closely misses the adder.
The adder barely misses you.
Your ball python closely misses the adder.
Your ball python misses the adder.
The adder bites you.
* * * LOW HITPOINT WARNING * * *
You are lethally poisoned!
The adder poisons you! Something hits you!
You die...

.............##≈§.§
............##≈≈...
.####............##≈≈.§..
................##≈≈.....
........#.....###§≈......
........#.....# #≈......#
........#.....###§.....#≈
........#.......#≈.######
.......{#.......#≈.######
........#....)..#≈.....#§
.......S@.......#§......#
.......S......###§≈§.....
..............####§≈.....
..............##.##§≈.÷..
..................##≈≈.§.
.....
.######............##≈≈..
......
................#..##§§≈
...S...
................#...####
.......
................#.......
.......
................#.......
......##
#.)..#..........#.......


You could see an adder and a friendly ball python.

Vanquished Creatures
  An adder (D:2)
  2 leopard geckos
  3 goblins (D:2)
  6 hobgoblins
  2 quokkas (D:2)
  2 frilled lizards (D:1)
  3 kobolds (D:2)
  2 rats (D:1)
21 creatures vanquished.

Notes
Turn   | Place    | Note
-------+----------+-------------------------------------------
     0 | D:1      | bli the Octopode Transmuter began the quest for the Orb.
     0 | D:1      | Reached XP level 1. HP: 13/13 MP: 3/3
   495 | D:1      | Reached XP level 2. HP: 18/18 MP: 3/5
   655 | D:2      | Noticed Sigmund
   689 | D:2      | Found an iron altar of Okawaru.
   714 | D:2      | Learned a level 2 spell: Sticks to Snakes
  1001 | D:2      | Reached skill level 4 in Unarmed Combat
  1114 | D:2      | Reached XP level 3. HP: 23/23 MP: 4/6
  1240 | D:2      | HP: 1/23 [something (9)]
  1241 | D:2      | Mangled by Sigmund

Vault maps used:
D:1:      minmay_arrival_loop
D:2:      grunt_temple_overflow_growth_and_decay, okawaru_trees_2, first_ration,
          kennysheep_cross_room, uniq_sigmund, uniq_jessica

Skill      XL: |  1  2 |
---------------+-------+-----
Unarmed Combat | 4 |  4.1
Fighting       | |  1.2
Dodging        | |  2.0
Spellcasting   | |  2.0
Transmutations | |  2.0

Action                   || total
-------------------------++-------
Melee: Unarmed           ||    49
       Kick              ||     8
       Constrict         ||    11
       Tentacles         ||     4
       Punch             ||     1
 Cast: Beastly Appendage ||     8
       Sticks to Snakes  ||     1
 Stab: Sleeping          ||     6
  Eat: Chunk             ||     1
Armor: Skin              ||     1
Dodge: Dodged            ||    16

Table legend:
 A = Non-vault XP
 B = Vault XP
 C = Vault XP percentage of total XP
 D = Non-vault monster count
 E = Vault monster count
 F = Vault count percentage of total count
                 A         B        C        D         E       F
            +---------+---------+-------+---------+---------+-------
      Total |      49 |       0 |   0.0 |      21 |       0 |   0.0
            +---------+---------+-------+---------+---------+-------
        D:1 |      15 |       0 |   0.0 |       9 |       0 |   0.0
        D:2 |      34 |       0 |   0.0 |      12 |       0 |   0.0
            +---------+---------+-------+---------+---------+-------
